 Dungeon Crawl Stone Soup version 0.27-a0-101-g3cb999cee2 (webtiles) character file.

Game seed: 6925968518736421998

9215 kae the Grappler (level 11, -2/98 HPs)
             Began as a Troll Monk on Jan 21, 2021.
             Was an Elder of Hepliaklqana.
             Shot with a bolt by an orc warrior (21 damage)
             ... in a bailey.
             The game lasted 00:11:11 (8990 turns).

kae the Grappler (Troll Monk)                       Turns: 8990, Time: 00:11:12

Health: -2/98      AC:  6    Str: 26    XL:     11   Next: 20%
Magic:  0/13       EV: 13    Int:  6    God:    Hepliaklqana [****..]
Gold:   599        SH:  0    Dex: 12    Spells: 10/10 levels left

rFire    + . .     SeeInvis .     - Unarmed
rCold    . . .     Faith    .   (no shield)
rNeg     . . .     Spirit   +   a - +0 robe
rPois    +         Reflect  .   (helmet restricted)
rElec    .         Harm     .   (no cloak)
rCorr    +         Rampage  .   (gloves unavailable)
Will     .....                  (boots unavailable)
Stlth    ++........             i - amulet of guardian spirit
HPRegen  0.66/turn              t - ring of resist corrosion
MPRegen  0.13/turn              w - ring "Giuvvoed" {rPois rF+ Str+2}

@: no status effects
A: large, unfitting armour, reduced essence, claws 3, regeneration 1, shaggy fur
1, tough skin 3
a: Renounce Religion, Recall Ancestor, Ancestor Identity, Transference, Idealise


You were in a bailey.
You worshipped Hepliaklqana.
Hepliaklqana was greatly pleased with you.
You visited 2 branches of the dungeon, and saw 11 of its levels.
You also visited: Sewer and Bailey.

You collected 655 gold pieces.
You spent 56 gold pieces at shops.

Inventory:

Armour
 a - a +0 robe (worn)
Jewellery
 i - an amulet of guardian spirit (around neck)
 t - a ring of resist corrosion (left claw)
 w - the ring "Giuvvoed" (right claw) {rPois rF+ Str+2}
   (You found it on level 8 of the Dungeon)

   [ring of poison resistance]

   It affects your strength (+2).
   It protects you from fire.
   It protects you from poison.
Wands
 j - a wand of acid (2)
 m - a wand of iceblast (4)
 r - a wand of polymorph (9)
 y - a wand of paralysis (8)
 z - a wand of random effects (20)
Scrolls
 e - 4 scrolls of teleportation
 g - 2 scrolls of amnesia
 h - 3 scrolls of blinking
 k - a scroll of enchant weapon
 q - 4 scrolls of fog
 v - 3 scrolls of remove curse
 x - 3 scrolls of identify
Potions
 b - 6 potions of flight
 c - 7 potions of curing
 d - a potion of mutation
 f - a potion of magic
 l - a potion of lignification
 n - a potion of brilliance
 o - 2 potions of heal wounds
 p - 2 potions of invisibility
 s - a potion of cancellation
 u - a potion of berserk rage


   Skills:
 + Level 7.4 Fighting
 + Level 7.4 Dodging
 - Level 1.0 Stealth
 * Level 12.0 Unarmed Combat
 + Level 4.8 Invocations


You had 10 spell levels left.
You didn't know any spells.
Your spell library contained the following spells:

 Spells                   Type           Power        Failure   Level
 Animate Skeleton         Necr           0%           45%         1
 Apportation              Tloc           0%           45%         1
 Corona                   Hex            0%           45%         1
 Pain                     Necr           0%           45%         1
 Sandblast                Erth           0%           45%         1
 Summon Small Mammal      Summ           0%           45%         1
 Call Imp                 Summ           0%           58%         2
 Passwall                 Tmut/Erth      0%           58%         2
 Call Canine Familiar     Summ           0%           83%         3
 Stone Arrow              Conj/Erth      0%           83%         3
 Summon Guardian Golem    Hex/Summ       0%           83%         3
 Vampiric Draining        Necr           0%           83%         3
 Animate Dead             Necr           0%           99%         4
 Petrify                  Tmut/Erth      0%           99%         4
 Summon Ice Beast         Ice/Summ       0%           99%         4
 Summon Lightning Spire   Summ/Air       0%           99%         4
 Agony                    Necr           0%           100%        5
 Lee's Rapid Deconstruct  Erth           0%           100%        5


Dungeon Overview and Level Annotations

Branches:
Dungeon (10/15)            Temple (1/1) D:7            Lair (0/6) D:10
    Orc (0/2) D:10          Sewer (visited)          Bailey (1/1)

Altars:
Ashenzari
Cheibriados
Dithmenos
Elyvilon
Fedhas
Gozag
Hepliaklqana
Kikubaaqudgha
Makhleb
Nemelex Xobeh
Okawaru
Qazlal
Ru
Sif Muna
Trog
Uskayaw
Vehumet
Wu Jian
Xom
Yredelemnul
Zin
The Shining One

Shops:
D:4 [   D:5 ?

Annotations:
D:4 3 runed translucent doors, Klosterheim's ghost, amateur DsIE


Innate Abilities, Weirdness & Mutations

You are too large for most types of armour.
You have claws for hands.
Your natural rate of healing is unusually fast.
You are covered in fur. (AC +1)
You have extremely tough skin. (AC +3)
Your life essence is reduced to manifest your ancestor. (-10% HP)


Message History

You claw the orc warrior!
The orc warrior is moderately wounded.
You scratch the orc warrior but do no damage.
The orc warrior is moderately wounded.
The orc warrior hits you!
* * * LOW HITPOINT WARNING * * *
You completely miss the orc warrior.
The orc warrior is moderately wounded.
The orc warrior closely misses you.
The orc warrior shoots a bolt.
The bolt hits you!
* * * LOW HITPOINT WARNING * * *
You closely miss the orc warrior.
The orc warrior is moderately wounded.
Teicuih hits the orc warrior with a +0 dagger of draining.
Teicuih drains the orc warrior.
The orc warrior barely misses Teicuih.
You claw the orc warrior!
You kill the orc warrior!
The orc warrior shoots a bolt.
The bolt misses you.
The orc warrior shoots a bolt.
The bolt hits you!!
You die...

### #### ##∩##
####
..o.##.((##....
≈≈≈..#@o.#..≈≈≈
≈≈o≈≈.)R....≈≈o≈
≈.oo≈...(...≈oo.
≈≈o≈≈....(..≈≈o≈
.≈≈≈..#.((#..≈≈≈
.....##.∩.##....
##### ##∩## ####
###


You could see the friendly Teicuih the hexer, 5 orc warriors and 4 orcs.

Vanquished Creatures
  A boulder beetle (D:8)
  2 two-headed ogres (D:10)
  A tengu warrior (D:10)
  An unseen horror (D:10)
  A troll (D:9)
  A wyvern (D:10)
  A yak (D:10)
  2 wargs (D:10)
  Edmund (D:6)
  3 water moccasins (D:10)
  4 sky beasts
  2 orc warriors
  3 black bears (D:10)
  3 ice beasts
  An eye of draining (D:10)
  7 ogres
  2 centaurs
  10 bullfrogs
  A wyvern zombie (D:8)
  A wyvern skeleton (D:9)
  4 scorpions
  10 wights
  3 howler monkeys (D:7)
  A bullfrog zombie (D:5)
  A centaur zombie (D:6)
  2 hounds
  3 quasits (D:10)
  A jelly (D:3)
  6 orc priests
  5 orc wizards
  4 iguanas
  7 worker ants
  A hound zombie (D:5)
  A hound skeleton (D:8)
  3 worker ant zombies
  5 gnolls
  8 adders
  A shadow imp (D:4)
  3 white imps
  4 ufetubi
  4 oozes (Sewer)
  8 worms
  2 dart slugs
  9 leopard geckos
  33 orcs
  15 bats
  10 giant cockroaches
  12 goblins
  12 hobgoblins
  19 jackals
  10 kobolds
  4 quokkas
  A ball python (D:4)
  5 frilled lizards
  A quokka skeleton (D:6)
  9 rats
275 creatures vanquished.

Vanquished Creatures (collateral kills)
  2 sky beasts (D:8)
  A wyvern skeleton (D:9)
  A scorpion (D:10)
  A hound (D:9)
  2 orc wizards (D:10)
  A worker ant (D:10)
  2 orcs (D:10)
  2 hobgoblins (D:10)
12 creatures vanquished.

Vanquished Creatures (others)
  3 hexers
  20 fungi (D:10)
  14 plants (D:10)
37 creatures vanquished.

Grand Total: 324 creatures vanquished

Notes
Turn   | Place    | Note
-------+----------+-------------------------------------------
     0 | D:1      | kae the Troll Monk began the quest for the Orb.
     0 | D:1      | Reached XP level 1. HP: 22/22 MP: 0/0
   140 | D:1      | Reached XP level 2. HP: 26/29 MP: 1/1
   501 | D:1      | Reached XP level 3. HP: 36/36 MP: 2/2
   903 | D:2      | Reached skill level 4 in Unarmed Combat
  1046 | D:2      | Reached XP level 4. HP: 43/44 MP: 3/3
  1313 | D:3      | Reached XP level 5. HP: 25/53 MP: 4/4
  1645 | D:3      | Reached skill level 5 in Unarmed Combat
  2245 | D:4      | Reached XP level 6. HP: 59/61 MP: 5/5
  2263 | D:4      | Found a shadowy altar of Dithmenos.
  2471 | D:4      | Found Ecrinn's Antique Armour Emporium.
  2694 | D:4      | Found a runed translucent gate.
  2702 | D:4      | Reached skill level 6 in Unarmed Combat
  2702 | D:4      | Reached XP level 7. HP: 68/68 MP: 6/6
  2710 | D:4      | Found a runed translucent gate.
  2711 | D:4      | Found a runed translucent gate.
  2712 | D:4      | Noticed Klosterheim's ghost (amateur DsIE)
  3027 | D:5      | Entered Level 5 of the Dungeon
  3065 | D:5      | Reached skill level 7 in Unarmed Combat
  3257 | D:5      | Found Wafij's Magic Scroll Shoppe.
  3267 | D:5      | Reached XP level 8. HP: 79/79 MP: 7/7
  3280 | D:5      | Bought a scroll of identify for 28 gold pieces
  3280 | D:5      | Bought a scroll of identify for 28 gold pieces
  3334 | D:5      | Found an iron altar of Okawaru.
  3498 | D:5      | Found a glowing drain.
  3508 | Sewer    | Entered a sewer
  4232 | D:5      | Found a glowing silver altar of Zin.
  4529 | D:6      | Reached skill level 5 in Fighting
  4529 | D:6      | Reached skill level 8 in Unarmed Combat
  4537 | D:6      | Reached skill level 5 in Dodging
  5101 | D:6      | Noticed Edmund
  5109 | D:6      | Killed Edmund
  5393 | D:6      | Reached skill level 9 in Unarmed Combat
  5393 | D:6      | Reached XP level 9. HP: 88/88 MP: 8/8
  5527 | D:7      | Found a staircase to the Ecumenical Temple.
  5791 | Temple   | Entered the Ecumenical Temple
  6014 | Temple   | Became a worshipper of Hepliaklqana the Forgotten
  6014 | Temple   | Reached * piety under Hepliaklqana
  6014 | Temple   | Reached ** piety under Hepliaklqana
  6015 | Temple   | Remembered your ancestor Teicuih as a hexer
  6254 | D:7      | Found a shimmering altar of Xom.
  6254 | D:7      | Found a shimmering altar of Xom.
  6254 | D:7      | Found a shimmering altar of Xom.
  6255 | D:7      | Found a shimmering altar of Xom.
  6609 | D:8      | Reached skill level 1 in Invocations
  6645 | D:8      | Noticed a boulder beetle
  6660 | D:8      | Got a translucent jade ring
  6815 | D:8      | Killed a boulder beetle
  6816 | D:8      | Reached skill level 10 in Unarmed Combat
  7302 | D:9      | Identified the ring "Giuvvoed" {rPois rF+ Str+2} (You found
                  | it on level 8 of the Dungeon)
  7384 | D:9      | Reached *** piety under Hepliaklqana
  7391 | D:9      | Reached XP level 10. HP: 81/90 MP: 10/10
  8200 | D:10     | Entered Level 10 of the Dungeon
  8292 | D:10     | Killed an unseen horror
  8293 | D:10     | Reached skill level 11 in Unarmed Combat
  8342 | D:10     | Found a staircase to the Lair.
  8367 | D:10     | Noticed a two-headed ogre
  8378 | D:10     | Killed a two-headed ogre
  8476 | D:10     | Found a staircase to the Orcish Mines.
  8612 | D:10     | Reached **** piety under Hepliaklqana
  8666 | D:10     | Noticed a tengu warrior
  8668 | D:10     | Noticed a two-headed ogre
  8678 | D:10     | Killed a two-headed ogre
  8679 | D:10     | Reached XP level 11. HP: 60/98 MP: 5/13
  8700 | D:10     | Killed a tengu warrior
  8726 | D:10     | Reached skill level 12 in Unarmed Combat
  8727 | D:10     | Found a glowing silver altar of Zin.
  8957 | D:10     | Found a flagged portal.
  8975 | Bailey   | Entered a bailey
  8990 | Bailey   | Shot with a bolt by an orc warrior

Illustrated notes

Levels and vault maps discovered:
D:1:      mrwooster_arrival_statue, layout_loops_ring, minmay_misc_feat_rows
D:2:      layout_rooms, minmay_misc_feat_doors
D:3:      layout_basic, st_stairs_3
D:4:      layout_loops_ring, nicolae_dithmenos_through_a_glass_darkly,
          gammafunk_ghost_nasty_kobolds, minmay_shop_grid_forest,
          minmay_box_of_dots
D:5:      layout_loops_cross, lemuel_crystal_altar, lemuel_round_altar,
          serial_shops, shop, gup_sewer_entry_pipe
D:6:      layout_basic, hangedman_abyss_or_decor_lesser_grid, uniq_edmund
D:7:      layout_basic, xom_redecorated, minmay_temple_entry_drinking_statues,
          corexii_item_surrounded_by_moat, minmay_fountain_box
D:8:      layout_rooms
D:9:      layout_basic
D:10:     layout_basic, due_lair_maze_entry_diamond, erik_orc_4, basic_altar,
          enter_bailey_4, minmay_ruined_shrine
Temple:   dpeg_five_rooms_temple
Bailey:   bailey_polearm_4, bailey

Skill      XL: |  1  2  3  4  5  6  7  8  9 10 11 |
---------------+----------------------------------+-----
Unarmed Combat | 4 5 6 7 9 10 11 12 | 12.0
Fighting       | 3 4 5 6 7 |  7.4
Dodging        | 3 4 5 6 7 |  7.4
Invocations    | 2 4 |  4.8
Stealth        | |  1.0

Action                   |  1- 3 |  4- 6 |  7- 9 | 10-12 || total
-------------------------+-------+-------+-------+-------++-------
Melee: Unarmed           |   100 |   165 |   346 |   200 ||   811
       Punch             |     2 |     3 |    17 |     5 ||    27
Invok: Ancestor Life: He |       |       |     1 |       ||     1
       Transference      |       |       |       |     1 ||     1
  Use: Scroll            |     1 |     7 |    19 |     1 ||    28
       Potion            |       |     1 |     1 |     4 ||     6
 Stab: Sleeping          |     2 |       |     4 |     1 ||     7
       Distracted        |       |       |     1 |     1 ||     2
       Confused          |       |       |     1 |     1 ||     2
       Invisible         |       |       |       |     7 ||     7
Armor: Robe              |    26 |    53 |    76 |    70 ||   225
Dodge: Dodged            |    52 |   109 |   146 |   164 ||   471

Table legend: (Time is in decaauts)
 A = Elapsed time spent in this place.
 B = Non-inter-level travel time spent in this place.
 C = Inter-level travel time spent in this place.
 D = Time resting spent in this place.
 E = Time spent auto-exploring this place.
 F = Levels seen in this place.
 G = Mean time per level.
                   A        B        C        D        E       F      G
               +--------+--------+--------+--------+--------+-----+--------+
         Total |   8979 |   8646 |    333 |    668 |   6236 |  13 |  690.7 |
       Dungeon |   8034 |   7787 |    247 |    568 |   5653 |  10 |  803.4 |
        Temple |    275 |    190 |     85 |      0 |    188 |   1 |  275.0 |
         Sewer |    656 |    656 |      0 |    100 |    395 |   1 |  656.0 |
        Bailey |     13 |     13 |      0 |      0 |      0 |   1 |   13.0 |
               +--------+--------+--------+--------+--------+-----+--------+

Top non-repeatable levels by time:
     D:6: 1163 daAuts
     D:3: 1040 daAuts
     D:9: 988 daAuts
     D:4: 815 daAuts
     D:5: 750 daAuts
    D:10: 749 daAuts
     D:7: 713 daAuts
     D:8: 666 daAuts
     D:1: 661 daAuts
   Sewer: 656 daAuts
     D:2: 484 daAuts
  Temple: 275 daAuts
  Bailey: 13 daAuts
